 Dungeon Crawl Stone Soup version 0.31.0-11-ge490571c62 (webtiles) character file.

Game seed: 12226388300152240136

3661 mopl the Covert (level 9, 0/62 HPs)
             Began as a Black Draconian Enchanter on Feb 10, 2024.
             Was a Follower of Dithmenos.
             Slain by a kobold brigand
             ... wielding a +0 war axe
              (10 damage)
             ... in a bailey.
             The game lasted 00:13:43 (5637 turns).

mopl the Covert (Black Draconian Enchanter)         Turns: 5637, Time: 00:13:43

Health: 0/62       AC: 13    Str: 15    XL:     9   Next: 89%
Magic:  2/19       EV: 12    Int: 22    God:    Dithmenos [*.....]
Gold:   917        SH:  0    Dex: 11    Spells: 8/22 levels left

rFire   . . .        a - +3 dagger of Wakluthu {pain, Str+4 Int+2}
rCold   . . .        (no shield)
rNeg    . . .        (body armour unavailable)
rPois   +            (helmet restricted)
rElec   +            (no cloak)
rCorr   .            o - +0 pair of gloves
SInv    .            f - +0 pair of boots
Will    .....        (no amulet)
Stlth   ++++         e - +4 ring of protection
HPRegen 0.30/turn    i - ring of poison resistance
MPRegen 0.16/turn

%: no passive effects
@: short of breath, very slightly contaminated, wreathed by umbra
A: breathe lightning, AC +7, unfitting armour, electricity resistance,
cold-blooded
a: Breathe Lightning, Renounce Religion


You were in a bailey.
You worshipped Dithmenos.
Dithmenos was aware of your devotion.
You visited 2 branches of the dungeon, and saw 8 of its levels.
You also visited: Bailey.

You collected 917 gold pieces.

Inventory:

Hand Weapons
 a - the +3 dagger of Wakluthu (weapon) {pain, Str+4 Int+2}
   (You found it on level 3 of the Dungeon)

   Str+4:     It affects your strength (+4).
   Int+2:     It affects your intelligence (+2).
 b - a +4 dagger
 x - a +2 long sword of electrocution
 C - a +0 scimitar of flaming
 I - a +0 dagger of venom
Missiles
 v - 6 poisoned darts
 G - 7 curare-tipped darts
 H - 16 boomerangs
 J - 4 datura-tipped darts
Armour
 f - a +0 pair of boots (worn)
 o - a +0 pair of gloves (worn)
Jewellery
 e - a +4 ring of protection (left hand)
 i - a ring of poison resistance (right hand)
 q - a ring of protection from fire
 w - a ring of wizardry
 y - a ring of willpower
 E - a ring of fire
Wands
 z - a wand of paralysis (16)
 F - a wand of flame (13)
Scrolls
 c - a scroll of noise {unknown}
 l - 3 scrolls of fog
 m - 3 scrolls of identify {unknown}
 p - a scroll of silence {unknown}
 s - 4 scrolls of teleportation {unknown}
 t - a scroll of fear {unknown}
 D - 2 scrolls of enchant weapon {unknown}
Potions
 d - 2 potions of enlightenment
 g - a potion of heal wounds {unknown}
 h - a potion of curing
 j - a potion of lignification {unknown}
 k - a potion of degeneration {unknown}
 n - a potion of attraction {unknown}
 r - a potion of invisibility
 u - a potion of haste {unknown}
 A - a potion of brilliance {unknown}
 B - 2 potions of ambrosia {unknown}


   Skills:
 + Level 5.3 Short Blades
 - Level 1.7 Dodging
 * Level 8.1 Stealth
 * Level 7.0 Spellcasting
 * Level 7.3 Hexes
 + Level 1.2 Necromancy
 + Level 2.1 Invocations


You had 8 spell levels left.
You knew the following spells:

 Your Spells              Type           Power      Damage    Failure   Level
a - Dazzling Flash        Conj/Hex       46%        N/A       5%          3
b - Ensorcelled Hibernat  Hex/Ice        46%        N/A       2%          2
c - Confusing Touch       Hex            40%        N/A       1%          3
d - Tukima's Dance        Hex            40%        N/A       1%          3
e - Vampiric Draining     Necr           13%        2d6       16%         3

Your spell library contained the following spells:

 Spells                   Type           Power      Damage    Failure   Level
 Necrotise                Necr           52%        1d6       4%          1
 Sublimation of Blood     Necr           13%        N/A       8%          2
 Martyr's Knell           Necr/Summ      10%        N/A       54%         4
 Petrify                  Alch/Erth      7%         N/A       63%         4
 Curse of Agony           Necr           13%        N/A       80%         5
 Irradiate                Conj/Alch      3%         3d12      92%         5
 Enfeeble                 Hex            20%        N/A       98%         7
 Lehudib's Crystal Spear  Conj/Erth      3%         10d3      100%        8


Dungeon Overview and Level Annotations

Branches:
Dungeon (7/15)             Temple (1/1) D:6          Bailey (1/1)

Altars:
Ashenzari
Cheibriados
Dithmenos
Elyvilon
Fedhas
Gozag
Hepliaklqana
Kikubaaqudgha
Makhleb
Nemelex Xobeh
Okawaru
Ru
Sif Muna
Trog
Uskayaw
Vehumet
Wu Jian
Xom
Yredelemnul
Zin
The Shining One

Shops:
D:5 (


Innate Abilities, Weirdness & Mutations

You can breathe wild blasts of lightning.
Your glossy black scales are hard. (AC +7)
You cannot fit into any form of body armour.
You are resistant to electric shocks. (rElec)
You are cold-blooded and may be slowed by cold attacks.


Message History

Okay, then.
Unknown command.
You feel better. The kobold brigand barely misses you.
The orc warrior misses you.
Unknown command.
Unknown command.
You catch the helpless orc warrior completely off-guard!
You impale the orc warrior!!
You kill the orc warrior!
Dithmenos accepts your kill.
You have got your breath back.
The kobold brigand hits you with a +0 war axe.
* * * LOW HITPOINT WARNING * * *
You hit the kobold brigand.
The kobold brigand is lightly wounded.
The kobold brigand is no longer blind.
The orc warrior hits you with a +0 war axe!
* * * LOW HITPOINT WARNING * * *
Unknown command.
Casting: Dazzling Flash (dangerous; 5% risk of failure)
Confirm with . or Enter, or press ? or * to list all spells.
Aiming: Ensorcelled Hibernation (safe; 2% risk of failure)
Press: ? - help, Shift-Dir - straight line, f - orc warrior
Aim: an orc warrior, wielding a +0 war axe and wearing a +0 plate armour (severely wounded, slow, umbra, chance to affect: 55%)
Okay, then.
Unknown command.
Unknown command.
Activating: Breathe Lightning (4% risk of failure)
Press: ? - help, Dir - look around, f - activate You breathe a wild blast of lightning!
The bolt of lightning hits you but does no damage.
You resist.
The bolt of lightning hits the orc warrior!!
You kill the orc warrior!
Dithmenos accepts your kill.
The bolt of lightning misses the kobold brigand.
The bolt of lightning hits the kobold brigand!
The kobold brigand is severely wounded.
The kobold brigand hits you with a +0 war axe!
You die...

..... ... ###'###
##.)...## #...8...#
#∩.....∩# ##.....##
####'''####
##~....KK@~##
#####~~.....)K~~#####
#....~~.......~~....#
#.###~~.......~~###.#
#....~~.......~~....#
#.###~~.......~~###.#
#....~~.......~~....#
#.###~~.......~~###.#
#....~~.......~~....#


You could see 3 kobold brigands.

Vanquished Creatures
  The ghost of Skimidon the Trooper, a novice DsGl of Okawaru (D:6)
  Maggie (D:6)
  Grinder (D:4)
  Eustachio (D:5)
  Menkaure (D:6)
  3 orc warriors (Bailey)
  3 ice beasts
  2 ogres (D:6)
  5 kobold brigands
  2 bullfrogs
  3 scorpions
  6 killer bees
  A water moccasin simulacrum (D:6)
  A jelly (D:6)
  2 bombardier beetles
  4 hounds
  2 orc priests
  Natasha (thrice) (D:3)
  A sleepcap (D:4)
  3 iguanas (D:5)
  An orc wizard (D:6)
  9 adders
  A shadow imp (D:5)
  3 white imps
  4 ufetubi
  A spectral adder (D:3)
  An adder simulacrum (D:3)
  4 dart slugs
  3 ribbon worms
  14 orcs
  A bat (D:2)
  4 endoplasms
  7 giant cockroaches
  12 hobgoblins
  22 kobolds
  2 quokkas
  8 ball pythons
  A ball python zombie (D:3)
  2 frilled lizards
  A giant cockroach zombie (D:3)
  5 goblins
  A quokka zombie (D:3)
  3 rats (D:1)
  A spectral giant cockroach (D:3)
157 creatures vanquished.

Vanquished Creatures (collateral kills)
  Sigmund (D:6)
  An orc warrior (D:4)
  2 orcs
4 creatures vanquished.

Grand Total: 161 creatures vanquished

Notes
Turn   | Place    | Note
-------+----------+-------------------------------------------
     0 | D:1      | mopl the Draconian Enchanter began the quest for the Orb.
     0 | D:1      | Reached XP level 1. HP: 14/14 MP: 3/3
   286 | D:1      | Reached XP level 2. HP: 15/20 MP: 5/5
   289 | D:1      | Learned a level 2 spell: Ensorcelled Hibernation
   431 | D:1      | Reached skill level 3 in Stealth
   804 | D:2      | Reached XP level 3. HP: 26/26 MP: 1/6
   808 | D:2      | Learned a level 3 spell: Confusing Touch
  1268 | D:2      | Reached XP level 4. HP: 33/33 MP: 4/8
  1272 | D:2      | Learned a level 3 spell: Tukima's Dance
  1688 | D:3      | Noticed Natasha
  1700 | D:3      | Killed Natasha
  1746 | D:3      | Identified the +3 dagger of Wakluthu {pain, Str+4 Int+2}
  1854 | D:3      | Noticed Natasha
  1871 | D:3      | Killed Natasha
  1872 | D:3      | Reached XP level 5. HP: 36/38 MP: 6/9
  1917 | D:3      | Noticed Natasha
  1924 | D:3      | Killed Natasha
  2282 | D:4      | Reached skill level 4 in Stealth
  2306 | D:4      | Noticed Grinder
  2308 | D:4      | Noticed an orc warrior
  2404 | D:4      | Killed Grinder
  2405 | D:4      | Reached XP level 6. HP: 38/45 MP: 8/11
  2464 | D:4      | Killed an orc warrior
  2465 | D:4      | Your scales start taking on a glossy black colour.
  2465 | D:4      | Reached XP level 7. HP: 36/50 MP: 0/13
  2465 | D:4      | Gained mutation: You are resistant to electric shocks.
                  | (rElec) [Black Draconian growth]
  2570 | D:4      | Reached skill level 5 in Stealth
  2602 | D:4      | Got Qiegh's Compendium of Solid Ensorcelling
  3135 | D:5      | Entered Level 5 of the Dungeon
  3295 | D:5      | Reached skill level 5 in Hexes
  3447 | D:5      | Reached XP level 8. HP: 57/57 MP: 10/15
  3508 | D:5      | Found a white marble altar of Elyvilon.
  3508 | D:5      | Noticed Eustachio
  3586 | D:5      | Killed Eustachio
  3637 | D:5      | Found Jeich's Antique Weapon Shoppe.
  3657 | D:5      | Reached skill level 5 in Spellcasting
  3730 | D:5      | Learned a level 3 spell: Dazzling Flash
  3761 | D:6      | Noticed Maggie
  3781 | D:6      | Paralysed by Maggie for 5 turns
  3794 | D:6      | Killed Maggie
  3795 | D:6      | Reached skill level 6 in Stealth
  4370 | D:6      | Reached XP level 9. HP: 59/62 MP: 9/17
  4396 | D:6      | Learned a level 3 spell: Vampiric Draining
  4480 | D:6      | Found a runed translucent gate.
  4480 | D:6      | Found a runed translucent gate.
  4480 | D:6      | Found a runed translucent gate.
  4508 | D:6      | Noticed Skimidon's ghost (novice DsGl)
  4511 | D:6      | Noticed Sigmund
  4518 | D:6      | Killed Sigmund
  4519 | D:6      | Reached skill level 7 in Stealth
  4738 | D:6      | Noticed Menkaure
  4741 | D:6      | Killed Menkaure
  4825 | D:6      | Found a staircase to the Ecumenical Temple.
  4831 | Temple   | Entered the Ecumenical Temple
  4862 | Temple   | Became a worshipper of Dithmenos the Shadowed
  5248 | D:6      | Killed Skimidon's ghost
  5249 | D:6      | Reached skill level 5 in Short Blades
  5249 | D:6      | Reached skill level 1 in Invocations
  5415 | D:7      | Found a flagged portal.
  5441 | Bailey   | Entered a bailey
  5488 | Bailey   | Reached * piety under Dithmenos
  5511 | Bailey   | Reached skill level 8 in Stealth
  5511 | Bailey   | Reached skill level 1 in Necromancy
  5637 | Bailey   | Slain by a kobold brigand

Illustrated notes

Levels and vault maps discovered:
D:1:      dpeg_arrival_water_fire, layout_loops_ring,
          wad_floor_pattern_untrapped
D:2:      layout_rooms, chequers_serial_rivers_marsh, grunt_ministairs_15,
          eino_tiny_chamber
D:3:      layout_basic, dilly_guarded_unrand_morg
D:4:      layout_basic, uniq_grinder
D:5:      layout_rooms, nicolae_elyvilon_temple_path, serial_shops, shop,
          uniq_eustachio
D:6:      layout_layer_cave, minmay_temple_entry_fiery, gammafunk_ghost_icy,
          uniq_maggie, uniq_sigmund, uniq_menkaure
D:7:      layout_basic, nicolae_qazlal_eye_of_the_storm, enter_bailey_4
Temple:   mainiacjoe_temple_big_plus
Bailey:   bailey_axe_3, bailey

Skill      XL: |  1  2  3  4  5  6  7  8  9 |
---------------+----------------------------+-----
Stealth        | 3 4 5 6 8 |  8.1
Hexes          | 3 4 5 6 7 |  7.3
Short Blades   | 2 3 4 5 |  5.3
Spellcasting   | 3 4 5 7 |  7.0
Invocations    | 2 |  2.1
Necromancy     | 1 |  1.2
Dodging        | |  1.7

Action                     |  1- 3 |  4- 6 |  7- 9 || total
---------------------------+-------+-------+-------++-------
  Melee: Dagger            |   117 |   107 |   401 ||   625
         Tailslap          |    10 |    15 |    55 ||    80
         Punch             |     1 |     5 |     7 ||    13
   Cast: Ensorcelled Hiber |    14 |    12 |    55 ||    81
         Confusing Touch   |       |     4 |    10 ||    14
         Tukima's Dance    |       |     1 |     3 ||     4
         Dazzling Flash    |       |       |     9 ||     9
Ability: Breathe Lightning |       |       |     8 ||     8
  Evoke: Wand              |       |       |     1 ||     1
    Use: Potion            |       |       |     4 ||     4
         Scroll            |       |       |     1 ||     1
   Stab: Sleeping          |    12 |    14 |    28 ||    54
         Confused          |       |     5 |    12 ||    17
         Invisible         |       |       |     7 ||     7
         Paralysed         |       |       |     1 ||     1
 Armour: Skin              |    51 |    48 |   286 ||   385
  Dodge: Dodged            |    67 |    60 |   398 ||   525
